 Dungeon Crawl Stone Soup version 0.13.0-11-g0187522 (webtiles) character file.

60051 Econoterrorist the Cleaver (level 14, 0/125 HPs)
             Began as a Minotaur Berserker on Oct 18, 2013.
             Was the Champion of Trog.
             Slain by a greater naga
             ... wielding a +0,+0 halberd
              (6 damage)
             ... on Level 5 of the Snake Pit on Oct 19, 2013.
             The game lasted 02:59:08 (26797 turns).

Econoterrorist the Cleaver (Minotaur Berserker)    Turns: 26797, Time: 02:59:09

HP   0/125       AC 12     Str 24      XL: 14   Next: 50%
MP  22/22        EV 23     Int  4      God: Trog [******]
Gold 1340        SH 30     Dex 15      Spells:  0 memorised, 13 levels left

Res.Fire  : . . .   See Invis. : .   H - +10,+6 mithril axe "Arga" {speed, MR+ Str+2}
Res.Cold  : . . .   Warding    : .   C - +0 swamp dragon armour (curse)
Life Prot.: + . .   Conserve   : .   m - +2 orc shield {rN+}
Res.Poison: +       Res.Corr.  : .   (helmet restricted)
Res.Elec. : .       Clarity    : +   T - +0 cloak
Sust.Abil.: . .     Spirit.Shd : .   (no gloves)
Res.Mut.  : .       Stasis     : .   (no boots)
Res.Rott. : .       Flight     : .   B - amulet of clarity
Saprovore : . . .                    W - +5 ring of evasion
                                     M - +5 ring of evasion

@: regenerating, mildly poisoned, constricted, extremely resistant to hostile
enchantments, very unstealthy
A: retaliatory headbutt, horns 2
a: Burn Spellbooks, Berserk, Trog's Hand, Brothers in Arms, Renounce Religion


You were on level 5 of the Snake Pit.
You worshipped Trog.
Trog was exalted by your worship.
You were not hungry.

You visited 3 branches of the dungeon, and saw 25 of its levels.
You also visited: Labyrinth.

You collected 1320 gold pieces.

Inventory:

Hand weapons
 e - a +4,+2 dwarven war axe of electrocution
 H - the +10,+6 mithril axe "Arga" (weapon) {speed, MR+ Str+2}
   (Trog gifted it to you on level 3 of the Lair of Beasts)

   Attacks with this weapon take half as long, but cause slightly less damage.
   It affects your strength (+2).
   It affects your resistance to hostile enchantments.
 V - the +2,+4 great sword "Smynn" {flame, +Blink +Rage +Fly rC+}
   (You found it on level 8 of the Dungeon)

   It emits flame when wielded, causing extra injury to most foes and up to
   double damage against particularly susceptible opponents.
   Big, fiery blades are also staple armaments of hydra-hunters.
   It protects you from cold.
   It lets you fly.
   It lets you blink.
   It lets you go berserk.
Armour
 m - a +2 orcish shield of positive energy (worn)
 C - a cursed +0 swamp dragon armour (worn)
 P - the +7 fire dragon armour of Gluttony {rF++ rC- Int+1 Acc+3}
   (You took it off a centaur on level 4 of the Lair of Beasts)

   It affects your intelligence (+1).
   It affects your accuracy (+3).
   It greatly protects you from fire.
   It makes you vulnerable to cold.
 T - a +0 cloak (worn)
Magical devices
 k - a wand of disintegration (8)
 t - a wand of confusion (13) {unknown}
 A - a wand of fireball (6)
 K - a wand of hasting (4)
Comestibles
 b - a royal jelly
 c - 9 bread rations
 i - 8 meat rations
Scrolls
 d - 5 scrolls of enchant weapon II
 g - 4 scrolls of magic mapping
 h - 6 scrolls of remove curse
 j - 3 scrolls of teleportation
 u - 2 scrolls of identify
 w - 2 scrolls of blinking
 x - 2 scrolls of fear
 J - 2 scrolls of fog
 Y - a scroll of enchant weapon I
Jewellery
 f - an uncursed ring of sustain abilities
 s - an uncursed ring of regeneration
 v - an uncursed ring of flight
 B - an amulet of clarity (around neck)
 M - a +5 ring of evasion (left hand)
 R - an uncursed amulet of warding
 W - a +5 ring of evasion (right hand)
Potions
 a - a potion of restore abilities
 n - 2 potions of brilliance
 o - 6 potions of curing
 p - 8 potions of heal wounds
 z - 2 potions of agility
 D - 2 potions of berserk rage
 E - a potion of resistance
 F - 5 potions of might
 G - a potion of paralysis
 L - 2 potions of speed
Miscellaneous
 q - a lantern of shadows


   Skills:
 + Level 13.8 Fighting
 - Level 3.0 Long Blades
 + Level 14.4 Axes
 + Level 13.6 Armour
 - Level 6.1 Dodging
 + Level 13.9 Shields
 - Level 9.0 Evocations


You had 13 spell levels left.
You didn't know any spells.

Dungeon Overview and Level Annotations

Branches:
Dungeon (12/27) Temple (0/1) D:4 Orc (0/4) D:8 D:11 Lair (8/8) D:12 Shoals (0/5) Lair:6 Snake (5/5) Lair:4 Slime (0/6) Lair:6

Altars:
Cheibriados
Elyvilon
Kikubaaqudgha
Makhleb
Okawaru
Vehumet
Xom
Yredelemnul
Zin
the Shining One

Portals:
Ziggurat: D:10 (5810 gp)
Trove: D:10 (show horn of Geryon)


Innate Abilities, Weirdness & Mutations

You reflexively headbutt those who attack you in melee.
You have a pair of horns on your head.


Message History

You kill the adder!
Trog accepts your kill.
You hit the greater naga. You headbutt the greater naga!
The greater naga is severely wounded.
You feel sick.
The greater naga hits you with an uncursed halberd!
* * * LOW HITPOINT WARNING * * *
The greater naga constricts you.
You slice the greater naga!!
The greater naga is almost dead.
You hit the greater naga but do no damage.
You headbutt the greater naga.
The greater naga is almost dead.
* * * LOW HITPOINT WARNING * * *
You feel sick. The greater naga casts a spell at you.
The orb of energy hits you!
* * * LOW HITPOINT WARNING * * *
The orb of energy explodes!
You die...

##..##..#### ##......# ##.......
#..#####..####.......## ##......
###.###....##..#......# #....).
####.....#####......## ##.....
#.N.N[..##.........# ##....
#..N#N).#...)......# ##...
#...##N.#..........## ###.).
.....###..#...........###.....
.⌠.....#.#..#.N@........##).###.
.......#.#..#[.#..........### ##
S..#.##.#..#..#.........##
.####..#.)#..#####...###
#.....#.))..####..###
##.....##....##..###
##.......#....#.###
#........##..#### ##........####


You could see a greater naga.

Vanquished Creatures
  2 greater nagas (Snake:5)
  A minotaur (Lab)
  A salamander (Snake:3)
  4 hydras
  6 anacondas
  8 naga warriors
  3 spectral orcs
  Nergalle (Lair:4)
  Pikel (D:7)
  2 hill giants
  A giant amoeba (Lair:6)
  A griffon (Lair:2)
  An oklob plant (Lair:5)
  7 elephants
  10 black mambas
  The ghost of Bloax the Cudgeler, an experienced MiFi of Trog (D:8)
  3 feature mimics
  5 spiny frogs
  6 guardian serpents
  2 minotaur zombies (Lab)
  Grinder (D:5)
  3 trolls
  7 naga magi
  6 komodo dragons
  3 brown oozes (Lair:6)
  A two-headed ogre (D:10)
  A boulder beetle (D:9)
  8 blink frogs
  A grizzly bear (Lair:7)
  A raven (D:7)
  A wraith (D:7)
  2 wyverns
  An elephant slug (Lair:3)
  A shark (Lair:3)
  A yak (D:12)
  4 hippogriffs
  2 hungry ghosts (D:10)
  Menkaure (D:4)
  A swamp drake (D:11)
  A necrophage (D:10)
  4 ice beasts
  2 sky beasts
  12 orc warriors
  68 nagas
  A yellow wasp (Lair:7)
  The ghost of Bloax the Covered, an average MiFi (D:4)
  2 black bears
  10 porcupines
  3 giant goldfish (Lair:3)
  2 phantoms
  A lava worm (Snake:3)
  14 crocodiles
  8 ogres
  10 centaurs
  A boring beetle (Lair:7)
  2 big kobolds
  6 giant slugs
  33 water moccasins
  Blork the orc (D:4)
  11 giant frogs
  4 agate snails
  A yak zombie (D:10)
  A hippogriff zombie (D:12)
  11 wights
  5 lava fish (Snake:3)
  3 goliath beetles (D:10)
  A human skeleton (D:7)
  3 crimson imps
  2 giant frog zombies
  3 jellyfish (Lair:3)
  2 jellies
  7 orc priests
  A black bear skeleton (D:7)
  7 hounds
  10 worker ants
  10 orc wizards
  A scorpion (D:8)
  4 sheep (Lair:6)
  3 iguanas
  An ogre zombie (D:7)
  A hound skeleton (D:9)
  3 mummies
  2 gnolls (D:2)
  22 green rats
  43 adders
  11 giant centipedes
  4 human zombies (D:7)
  6 giant mites
  5 worms
  A scorpion zombie (D:6)
  3 giant eyeballs
  46 orcs
  5 giant cockroaches
  15 goblins
  8 hobgoblins
  25 jackals
  14 quokkas
  4 training dummies (D:5)
  4 ball pythons
  16 bats
  11 giant geckos
  9 giant newts
  2 hobgoblin skeletons
  21 kobolds
  25 rats
  A rat skeleton (D:4)
  A bush (Lair:5)
  5 fungi
  3 plants
701 creatures vanquished.

Vanquished Creatures (collateral kills)
  2 naga warriors (Snake:5)
  An unseen horror (D:10)
  A naga mage (Snake:2)
  5 nagas (Snake:2)
9 creatures vanquished.

Vanquished Creatures (others)
  2 naga magi (Snake:5)
  A troll (Snake:5)
  A naga (Snake:5)
  An orc wizard (D:8)
  An adder (D:7)
  A fungus (Lair:7)
  3 plants (Lair:7)
10 creatures vanquished.

Grand Total: 720 creatures vanquished

Notes
Turn   | Place    | Note
--------------------------------------------------------------
     0 | D:1      | Econoterrorist, the Minotaur Berserker, began the quest for the Orb.
     0 | D:1      | Reached XP level 1. HP: 19/19 MP: 0/0
   179 | D:1      | Reached skill level 4 in Axes
   235 | D:1      | Reached XP level 2. HP: 23/26 MP: 0/0
   423 | D:1      | Acquired Trog's second power
   668 | D:1      | Reached skill level 5 in Axes
   825 | D:1      | Reached XP level 3. HP: 31/33 MP: 1/1
  1347 | D:2      | Found a white marble altar of Elyvilon.
  1439 | D:2      | Reached skill level 6 in Axes
  1439 | D:2      | Reached XP level 4. HP: 33/39 MP: 1/1
  1650 | D:3      | Reached skill level 1 in Shields
  1890 | D:3      | Acquired Trog's third power
  1891 | D:3      | Reached XP level 5. HP: 33/46 MP: 1/1
  2211 | D:3      | Found a shimmering altar of Xom.
  2212 | D:3      | Found a radiant altar of Vehumet.
  2212 | D:3      | Found a glowing golden altar of the Shining One.
  2228 | D:3      | HP: 1/46 [orc wizard/magic dart (8)]
  2234 | D:3      | HP: 2/69 [orc wizard/orcish dagger (4)]
  2492 | D:3      | Found a snail-covered altar of Cheibriados.
  2617 | D:4      | Noticed Blork the orc
  2633 | D:4      | Killed Blork the orc
  2633 | D:4      | Reached skill level 5 in Shields
  2633 | D:4      | Reached XP level 6. HP: 26/52 MP: 2/2
  3018 | D:4      | Noticed Bloax's ghost (average MiFi)
  3031 | D:4      | Killed Bloax's ghost
  3165 | D:4      | Reached skill level 7 in Shields
  3185 | D:4      | Found an ancient bone altar of Kikubaaqudgha.
  3287 | D:4      | Reached XP level 7. HP: 55/59 MP: 2/2
  3363 | D:4      | Noticed Menkaure
  3369 | D:4      | Killed Menkaure
  3749 | D:4      | Found a staircase to the Ecumenical Temple.
  3861 | D:5      | Entered Level 5 of the Dungeon
  4019 | D:5      | Noticed Grinder
  4019 | D:5      | Paralysed by Grinder for 3 turns
  4034 | D:5      | Killed Grinder
  4034 | D:5      | Reached skill level 5 in Fighting
  4189 | D:5      | Found an iron altar of Okawaru.
  4192 | D:5      | Reached XP level 8. HP: 68/68 MP: 2/2
  4338 | D:5      | Reached skill level 5 in Armour
  4917 | D:6      | Reached skill level 8 in Axes
  5261 | D:6      | Paralysed by a giant eyeball for 3 turns
  5646 | D:7      | Reached XP level 9. HP: 77/77 MP: 3/3
  5724 | D:7      | Reached skill level 9 in Axes
  5899 | D:7      | Found a basalt altar of Yredelemnul.
  5954 | D:7      | Noticed Pikel
  5983 | D:7      | Killed Pikel
  6027 | D:7      | Found a burning altar of Makhleb.
  6202 | D:7      | Noticed a raven
  6206 | D:7      | Killed a raven
  6491 | D:7      | Reached skill level 10 in Axes
  6587 | D:8      | Noticed Bloax's ghost (experienced MiFi)
  6597 | D:8      | Killed Bloax's ghost
  6597 | D:8      | Reached XP level 10. HP: 65/86 MP: 3/3
  6651 | D:8      | Got a jewelled great sword
  6658 | D:8      | Identified the great sword "Smynn" {flame, +Blink +Rage +Fly rC+} (You found it on level 8 of the Dungeon)
  6728 | D:8      | Reached skill level 1 in Long Blades
  6730 | D:8      | Reached skill level 1 in Evocations
  6848 | D:8      | Received a gift from Trog
  7087 | D:8      | Found a staircase to the Orcish Mines.
  7428 | D:8      | Found a shimmering altar of Xom.
  9212 | D:10     | Entered Level 10 of the Dungeon
  9223 | D:10     | Found a portal to a secret trove of treasure.
  9449 | D:10     | Reached skill level 11 in Axes
  9449 | D:10     | Reached skill level 10 in Shields
  9494 | D:10     | Noticed a hill giant
  9499 | D:10     | Killed a hill giant
  9499 | D:10     | Reached skill level 5 in Evocations
  9594 | D:10     | Found a gateway to a ziggurat.
  9606 | D:10     | Got a jewelled ring mail
  9641 | D:10     | Killed an unseen horror
  9805 | D:10     | Reached XP level 11. HP: 93/93 MP: 14/14
 10003 | D:11     | Identified the +3 ring mail of the Bard {rC+} (You found it on level 10 of the Dungeon)
 10050 | D:11     | Received a gift from Trog
 10089 | D:11     | Found a staircase to the Orcish Mines.
 10297 | D:11     | Noticed a hill giant
 10306 | D:11     | Killed a hill giant
 10559 | D:11     | Paralysed by a giant eyeball for 2 turns
 10564 | D:11     | Noticed a five-headed hydra
 10573 | D:11     | Killed a nine-headed hydra
 10739 | D:12     | Noticed a six-headed hydra
 10752 | D:12     | HP: 2/139 [eight-headed hydra (6)]
 10754 | D:12     | Killed a nine-headed hydra
 11136 | D:12     | Found a staircase to the Lair.
 11663 | Lair:1   | Entered Level 1 of the Lair of Beasts
 11680 | Lair:1   | Reached skill level 10 in Fighting
 11686 | Lair:1   | Received a gift from Trog
 11686 | Lair:1   | Reached skill level 10 in Armour
 12295 | Lair:1   | Reached skill level 12 in Axes
 13774 | Lair:2   | Reached XP level 12. HP: 93/103 MP: 18/18
 14673 | Lair:3   | Received a gift from Trog
 15199 | Lair:3   | Found a glowing silver altar of Zin.
 15355 | Lair:4   | Found a shimmering altar of Xom.
 15505 | Lair:4   | Got a smoking fire dragon armour
 15527 | Lair:4   | Identified the +7 fire dragon armour of Gluttony {rF++ rC- Int+1 Acc+3} (You took it off a centaur on level 4 of the Lair of Beasts)
 15604 | Lair:4   | Found a staircase to the Snake Pit.
 15857 | Lair:4   | Noticed Nergalle
 15894 | Lair:4   | Killed Nergalle
 17064 | Lair:5   | Noticed a six-headed hydra
 17077 | Lair:5   | Killed a three-headed hydra
 17077 | Lair:5   | Reached skill level 5 in Dodging
 17333 | Lair:6   | Found a staircase to the Shoals.
 17488 | Lair:6   | Received a gift from Trog
 17702 | Lair:6   | Found a staircase to the Slime Pits.
 18220 | Lair:8   | Entered Level 8 of the Lair of Beasts
 18237 | Lair:8   | Reached XP level 13. HP: 112/112 MP: 21/21
 18516 | Lair:7   | Noticed a five-headed hydra
 18527 | Lair:7   | Killed a two-headed hydra
 18596 | Lair:7   | Found a labyrinth entrance.
 18606 | Lab      | Entered a labyrinth
 20108 | Snake:1  | Entered Level 1 of the Snake Pit
 20252 | Snake:1  | Received a gift from Trog
 20332 | Snake:1  | Reached skill level 13 in Axes
 23193 | Snake:3  | Received a gift from Trog
 24242 | Snake:4  | Reached XP level 14. HP: 123/123 MP: 22/22
 24973 | Snake:4  | Reached skill level 14 in Axes
 25231 | Snake:5  | Entered Level 5 of the Snake Pit
 25278 | Snake:5  | Identified a scroll of acquirement
 26208 | Snake:5  | Received a gift from Trog
 26412 | Snake:5  | HP: 6/124 [poisoned by a greater naga (poison arrow)]
 26797 | Snake:5  | HP: 6/125 [greater naga/orb of energy (29)]
 26797 | Snake:5  | Slain by a greater naga

Action                   |  1- 3 |  4- 6 |  7- 9 | 10-12 | 13-15 || total
-------------------------+-------+-------+-------+-------+-------++-------
Melee: Hand axe          |    94 |   207 |   177 |       |       ||   478
       War axe           |       |       |   161 |     4 |       ||   165
       Broad axe         |       |       |       |   701 |   718 ||  1419
       Great sword       |       |       |       |    32 |    15 ||    47
       Executioner's axe |       |       |       |   112 |       ||   112
Invok: Berserk           |       |     4 |     3 |     2 |       ||     9
       Trog's Hand       |       |     1 |     3 |     1 |     4 ||     9
       Burn Spellbooks   |       |       |       |     1 |     3 ||     4
       Brothers in Arms  |       |       |       |     1 |     2 ||     3
 Abil: Evoke Flight      |       |       |       |       |     2 ||     2
Evoke: Wand              |       |       |     1 |    24 |     7 ||    32
  Use: Potion            |       |     1 |       |     3 |    14 ||    18
       Scroll            |       |       |     5 |    13 |    23 ||    41
